AoeStats
← falcon_br

Fortress

510198739Analyzed
4v4 RM · 1d ago on Sep 29, 2026· 52m 49s· 8 players
Game mode
Random Map
Map size
Huge
Population
200
Speed
Normal
Resources
Standard
Victory
Conquest
Starting age
Dark Age
Ending age
Imperial Age
RankedLock teamsTeams togetherTeam positionsShared explorationLock speedFull tech treeHidden civsTurbo modeCheats
Victory
Defeat
🇦🇷 Bulgarians · Argentina
1218
+11
🇦🇷 Huns · Argentina
1195
+11
🇦🇷 Franks · Argentina
1178
+12
🇩🇪 Gurjaras · Germany
969
+20
🇫🇷 Mongols · France
1153
-16
🇦🇷 Khitans · Argentina
1095
-14
🇧🇷 Persians · Brazil
1084
-13
🇫🇷 Turks · France
1017
-11
Ch0wee
7:52 Feudal Age
11:27 Castle Age
12:27 Double-Bit Axe
12:48 Loom
13:23 Horse Collar
14:48 Bow Saw
18:02 Heavy Plow
20:12 Wheelbarrow
23:31 Imperial Age
22:14 Hand Cart
22:31 Gold Mining
24:55 Drill
25:03 Capped Ram
26:55 Siege Ram
29:33 Bloodlines
29:24 Husbandry
29:36 Scale Barding Armor
29:42 Forging
31:42 Elite Steppe Lancer
32:59 Chain Barding Armor
33:15 Iron Casting
43:16 Blast Furnace
44:20 Fletching
47:51 Bodkin Arrow
Alvaroski
5:18 Loom
7:10 Feudal Age
8:08 Double-Bit Axe
12:09 Castle Age
10:24 Fletching
10:51 Domestication
12:31 Light Cavalry
13:16 Husbandry
19:53 Town Watch
20:13 Bodkin Arrow
22:09 Wheelbarrow
22:05 Padded Archer Armor
22:58 Ballistics
23:27 Leather Archer Armor
24:26 Hand Cart
25:40 Thumb Ring
26:36 Heavy Cavalry Archer
29:15 Scale Barding Armor
33:42 Imperial Age
33:53 Forging
35:16 Parthian Tactics
36:57 Bracer
38:08 Conscription
39:36 Chemistry
42:00 Bow Saw
44:50 Heavy Camel Rider
45:41 Town Patrol
49:03 Fortified Wall
50:57 Two-Man Saw
49:59 Pastoralism
50:55 Chain Barding Armor
51:11 Iron Casting
52:17 Ordo Cavalry
falcon_br
8:23 Feudal Age
12:08 Castle Age
12:44 Loom
13:35 Wheelbarrow
13:17 Double-Bit Axe
16:13 Scale Barding Armor
18:16 Chain Barding Armor
18:24 Bloodlines
18:15 Husbandry
22:13 Forging
29:42 Hand Cart
30:05 Iron Casting
35:59 Imperial Age
35:39 Cavalier
37:21 Blast Furnace
36:56 Plate Barding Armor
37:17 Fletching
37:03 Savar
37:37 Horse Collar
37:45 Town Watch
38:23 Conscription
37:38 Elite Skirmisher
39:54 Bodkin Arrow
41:27 Padded Archer Armor
francis le tueur
9:51 Feudal Age
12:04 Double-Bit Axe
12:11 Gold Mining
12:04 Horse Collar
14:45 Castle Age
18:55 Imperial Age
19:01 Squires
32:29 Caravan
39:53 Wheelbarrow
PezMaza
2:12 Loom
6:59 Feudal Age
13:54 Castle Age
11:40 Town Watch
12:58 Double-Bit Axe
15:56 Wheelbarrow
19:44 Horse Collar
21:33 Bow Saw
22:16 Fortified Wall
23:50 Bloodlines
25:57 Fletching
26:40 Ballistics
26:48 Husbandry
27:35 Scale Barding Armor
28:08 Town Patrol
29:27 Heavy Plow
30:21 Chain Barding Armor
30:12 Forging
32:46 Bodkin Arrow
32:51 Padded Archer Armor
35:25 Iron Casting
35:18 Hand Cart
38:19 Gold Mining
38:19 Stone Mining
38:45 Murder Holes
38:31 Treadmill Crane
40:00 Leather Archer Armor
39:46 Scale Mail Armor
43:28 Gold Shaft Mining
43:28 Stone Shaft Mining
46:23 Imperial Age
46:30 Heavy Camel Rider
48:19 Plate Barding Armor
48:00 Chain Mail Armor
47:50 Bracer
48:46 Elite Shrivamsha Rider
MateoargeAOE
7:51 Feudal Age
11:49 Castle Age
9:37 Double-Bit Axe
10:25 Gold Mining
14:30 Forging
20:50 Scale Barding Armor
22:14 Iron Casting
22:24 Husbandry
23:41 Bow Saw
23:22 Stone Mining
24:40 Wheelbarrow
29:52 Imperial Age
30:46 Caravan
31:52 Gold Shaft Mining
30:45 Cavalier
32:40 Blast Furnace
32:40 Chain Barding Armor
34:25 Paladin
37:13 Plate Barding Armor
37:21 Hand Cart
49:31 Chivalry
51:37 Light Cavalry
rabbit o sea conejo
7:44 Feudal Age
12:00 Castle Age
10:43 Double-Bit Axe
11:39 Forging
11:30 Scale Mail Armor
11:47 Scale Mail Armor
14:56 Chain Mail Armor
15:01 Gambesons
17:32 Iron Casting
17:03 Squires
18:08 Wheelbarrow
23:31 Bow Saw
23:01 Horse Collar
23:42 Arson
24:08 Loom
24:38 Hand Cart
27:16 Caravan
31:18 Imperial Age
28:46 Gold Mining
29:00 Heavy Plow
29:00 Stone Mining
30:09 Pikeman
33:04 Blast Furnace
32:34 Plate Mail Armor
31:27 Halberdier
32:45 Gold Shaft Mining
32:44 Capped Ram
33:57 Crop Rotation
34:04 Stone Shaft Mining
33:35 Siege Ram
38:19 Stirrups
38:28 Bagains
38:49 Conscription
38:54 Elite Konnik
42:45 Town Watch
43:37 Scale Barding Armor
45:39 Chain Barding Armor
45:03 Heavy Scorpion
47:50 Plate Barding Armor
50:08 Fletching
52:11 Bodkin Arrow
53:15 Bracer
Maxi24875
9:23 Feudal Age
13:07 Castle Age
11:42 Loom
11:48 Double-Bit Axe
16:13 Marauders
17:08 Scale Barding Armor
17:00 Horse Collar
17:47 Bloodlines
20:35 Forging
26:05 Bow Saw
29:04 Chain Barding Armor
29:01 Fletching
29:59 Thumb Ring
31:17 Wheelbarrow
31:25 Iron Casting
32:08 Bodkin Arrow
32:23 Padded Archer Armor
33:15 Ballistics
33:42 Leather Archer Armor
36:19 Imperial Age
34:54 Murder Holes
36:16 Masonry
37:43 Bracer
38:12 Parthian Tactics
37:08 Heavy Cavalry Archer
39:51 Blast Furnace
38:51 Scale Mail Armor
38:53 Squires
39:56 Chemistry
38:25 Elite Tarkan
40:41 Chain Mail Armor
41:03 Plate Barding Armor
41:27 Hand Cart
41:44 Caravan
41:47 Town Watch
42:43 Conscription
44:56 Husbandry
47:29 Town Patrol
50:20 Conscription
51:18 Guilds
51:17 Gold Mining
51:18 Stone Mining
52:37 Two-Man Saw
51:41 Heavy Plow
53:28 Conscription
Connection lost

Rejoining the realm…

Still unreachable

The connection could not be restored.

Session expired

The server has moved on; the page needs a fresh start.